3A
COLUMBIA RIVER RATS @ ALAMEDA AIRMEN
07/28/2042
 
TOP OF THE 1ST
Columbia River Rats batting - Pitching for Alameda Airmen : RHP Juan Luis Matos
Pitching: RHP Juan Luis Matos
Batting: RHB Jesús Bonilla 0-0: Called Strike
0-1: Swinging Strike
0-2: Foul Ball, location: 2F
0-2: Ball
1-2: Hit by Pitch
Batting: RHB Fernando Castro 0-0: Ball
1-0: Called Strike
Jesús Bonilla steals 2nd base
1-1: Called Strike
1-2: Ball
2-2: Foul Ball, location: 2F
2-2: Ball
3-2: Strikes out swinging
Batting: LHB Amani Marwan 0-0: 2-RUN HOME RUN (Flyball, 89XD, EV 96.9 MPH), Distance : 371 ft
Batting: RHB Guillermo Alemán 0-0: Called Strike
0-1: SINGLE (Line Drive, 4MD, EV 98.8 MPH)
Batting: LHB Puck Broekhuizen 0-0: Ball
Guillermo Alemán steals 2nd base
1-0: SINGLE (Line Drive, 9LS, EV 104.4 MPH)
Guillermo Alemán to third
Runner from 3rd tries for Home, throw by RF and OUT! 9-2
Now in RF: Tonito Gomez
Batting: RHB Gregor Lennox 0-0: Foul Ball, location: 2F
0-1: Called Strike
0-2: Ball
1-2: Strikes out swinging
Top of the 1st over - 2 runs, 3 hits, 0 errors, 1 left on base; Columbia 2 - Alameda 0
BOTTOM OF THE 1ST
Alameda Airmen batting - Pitching for Columbia River Rats : LHP Gil Farrell
Pitching: LHP Gil Farrell
Batting: RHB Sergio Estrada 0-0: Called Strike
0-1: Fly out, F9 (Flyball, 9LS, EV 84.4 MPH)
Batting: RHB César Jiménez 0-0: Foul Ball, location: 2F
0-1: Foul Ball, location: 2F
0-2: Ball
1-2: Ball
2-2: Foul Ball, location: 2F
2-2: Foul Ball, location: 2F
2-2: Ball
3-2: Ground out 6-3 (Groundball, 6, EV 93.1 MPH)
Batting: RHB Héctor Heredice 0-0: Called Strike
0-1: Fly out, F7 (Line Drive, 7D, EV 91.9 MPH)
Bottom of the 1st over - 0 runs, 0 hits, 0 errors, 0 left on base; Columbia 2 - Alameda 0
TOP OF THE 2ND
Columbia River Rats batting - Pitching for Alameda Airmen : RHP Juan Luis Matos
Batting: RHB Robbie Clark 0-0: Ball
1-0: Called Strike
1-1: Swinging Strike
1-2: DOUBLE (Line Drive, 8LXD, EV 105.0 MPH)
Batting: SHB George McMahon 0-0: Foul Ball, location: 2F
0-1: Ball
1-1: Called Strike
1-2: DOUBLE (Line Drive, 9LM, EV 102.5 MPH)
Robbie Clark scores
Batting: RHB Wu-ji Hsia 0-0: Foul Ball, location: 2F
0-1: Called Strike
0-2: Strikes out swinging
Batting: RHB Jesús Bonilla 0-0: Ball
1-0: Ball
2-0: Ball
3-0: Called Strike
3-1: Foul Ball, location: 2F
3-2: Foul Ball, location: 2F
3-2: Strikes out looking
Batting: RHB Fernando Castro 0-0: Foul Ball, location: 2F
0-1: Ball
1-1: Swinging Strike
1-2: Foul Ball, location: 2F
1-2: Strikes out looking
Top of the 2nd over - 1 run, 2 hits, 0 errors, 1 left on base; Columbia 3 - Alameda 0
BOTTOM OF THE 2ND
Alameda Airmen batting - Pitching for Columbia River Rats : LHP Gil Farrell
Batting: RHB Roberto Berganza 0-0: Called Strike
0-1: Ball
1-1: Called Strike
1-2: Ball
2-2: Ball
3-2: Base on Balls
Batting: LHB Xue-qin Chen 0-0: Ball
1-0: Ball
2-0: Ball
3-0: Called Strike
3-1: Fly out, F7 (Line Drive, 7, EV 86.9 MPH)
Batting: LHB Desi Liñares 0-0: Called Strike
0-1: Ball
1-1: Ball
2-1: Called Strike
2-2: Foul Ball, location: 2F
2-2: Fly out, F9 (Flyball, 89D, EV 109.4 MPH)
Batting: SHB Jaime Juárez 0-0: Called Strike
0-1: SINGLE (Groundball, 56S, EV 62.5 MPH) (infield hit)
Roberto Berganza to second
Batting: LHB Tonito Gomez 0-0: Ball
1-0: Ball
2-0: Ball
3-0: Called Strike
3-1: Called Strike
3-2: Foul Ball, location: 2F
3-2: Foul Ball, location: 2F
3-2: Foul Ball, location: 2F
3-2: Strikes out swinging
Bottom of the 2nd over - 0 runs, 1 hit, 0 errors, 2 left on base; Columbia 3 - Alameda 0
TOP OF THE 3RD
Columbia River Rats batting - Pitching for Alameda Airmen : RHP Juan Luis Matos
Batting: LHB Amani Marwan 0-0: Called Strike
0-1: Swinging Strike
0-2: Ball
1-2: Ball
2-2: Ball
3-2: Strikes out swinging
Batting: RHB Guillermo Alemán 0-0: Ball
1-0: Called Strike
1-1: Ball
2-1: Swinging Strike
2-2: Foul Ball, location: 2F
2-2: Ground out 6-3 (Groundball, 6, EV 80.6 MPH)
Batting: LHB Puck Broekhuizen 0-0: Fly out, F9 (Flyball, 9LM, EV 78.8 MPH)
Top of the 3rd over - 0 runs, 0 hits, 0 errors, 0 left on base; Columbia 3 - Alameda 0
BOTTOM OF THE 3RD
Alameda Airmen batting - Pitching for Columbia River Rats : LHP Gil Farrell
Batting: RHB Joon-suk Kim 0-0: Ball
1-0: Ball
2-0: Ball
3-0: Called Strike
3-1: Foul Ball, location: 2F
3-2: Fly out, F9 (Flyball, 9LD, EV 75.6 MPH)
Batting: RHB Sergio Estrada 0-0: Swinging Strike
0-1: Ball
1-1: Called Strike
1-2: Fly out, F8 (Flyball, 89D, EV 78.8 MPH)
Batting: RHB César Jiménez 0-0: Swinging Strike
0-1: Foul Ball, location: 2F
0-2: Ball
1-2: Strikes out swinging
Bottom of the 3rd over - 0 runs, 0 hits, 0 errors, 0 left on base; Columbia 3 - Alameda 0
TOP OF THE 4TH
Columbia River Rats batting - Pitching for Alameda Airmen : RHP Juan Luis Matos
Batting: RHB Gregor Lennox 0-0: Called Strike
0-1: Ball
1-1: Foul Ball, location: 2F
1-2: Ball
2-2: Fly out, F6 (Popup, 6, EV 66.9 MPH)
Batting: RHB Robbie Clark 0-0: Ball
1-0: Ball
2-0: Foul Ball, location: 2F
2-1: Ball
3-1: Base on Balls
Batting: SHB George McMahon 0-0: Ball
1-0: Ball
2-0: SINGLE (Groundball, 4, EV 105.0 MPH) (infield hit)
Robbie Clark to second
Batting: RHB Wu-ji Hsia 0-0: SINGLE (Groundball, 6MD, EV 107.5 MPH)
Robbie Clark to third
George McMahon to second
Batting: RHB Jesús Bonilla 0-0: Ball
1-0: TRIPLE (Flyball, 89XD, EV 106.2 MPH)
Robbie Clark scores
George McMahon scores
Wu-ji Hsia scores
Pitching: RHP Javier Martínez
Batting: RHB Fernando Castro 0-0: Ball
1-0: DOUBLE (Line Drive, 9LM, EV 101.2 MPH)
Jesús Bonilla scores
Batting: LHB Amani Marwan 0-0: Foul Ball, location: 2F
0-1: Called Strike
0-2: Ball
1-2: Foul Ball, location: 2F
1-2: Strikes out swinging
Batting: RHB Guillermo Alemán 0-0: Called Strike
0-1: Called Strike
0-2: Strikes out swinging
Top of the 4th over - 4 runs, 4 hits, 0 errors, 1 left on base; Columbia 7 - Alameda 0
BOTTOM OF THE 4TH
Alameda Airmen batting - Pitching for Columbia River Rats : LHP Gil Farrell
Batting: RHB Héctor Heredice 0-0: Foul Ball, location: 2F
0-1: Ground out 4-3 (Groundball, 4, EV 106.2 MPH)
Batting: RHB Roberto Berganza 0-0: Foul Ball, location: 2F
0-1: Ball
1-1: Swinging Strike
1-2: SINGLE (Groundball, 34D, EV 105.0 MPH)
Batting: LHB Xue-qin Chen 0-0: Called Strike
0-1: Ball
1-1: Ball
2-1: Ball
Wild Pitch!
Roberto Berganza to second
3-1: Foul Ball, location: 2F
3-2: Foul Ball, location: 2F
3-2: SINGLE (Groundball, 6MD, EV 95.0 MPH)
Roberto Berganza to third
Runner from 3rd tries for Home, SAFE, no throw by CF
Batting: LHB Desi Liñares 0-0: Swinging Strike
0-1: Foul Ball, location: 2F
0-2: Ball
1-2: Ball
2-2: Ball
3-2: Foul Ball, location: 2F
3-2: Foul Ball, location: 2F
3-2: Strikes out swinging
Batting: SHB Jaime Juárez 0-0: Foul Ball, location: 2F
0-1: Ball
1-1: Ball
2-1: Called Strike
2-2: Foul Ball, location: 2F
2-2: Strikes out swinging
Bottom of the 4th over - 1 run, 2 hits, 0 errors, 1 left on base; Columbia 7 - Alameda 1
TOP OF THE 5TH
Columbia River Rats batting - Pitching for Alameda Airmen : RHP Javier Martínez
Batting: LHB Puck Broekhuizen 0-0: Ball
1-0: Swinging Strike
1-1: Ball
2-1: Ball
3-1: Base on Balls
Batting: RHB Gregor Lennox 0-0: Ball
1-0: Called Strike
1-1: Foul Ball, location: 2F
1-2: Ball
2-2: Foul Ball, location: 2F
2-2: Ball
3-2: Strikes out looking
Batting: RHB Robbie Clark 0-0: Called Strike
0-1: Ball
1-1: Called Strike
1-2: Foul Ball, location: 2F
1-2: Ball
2-2: Ball
3-2: Strikes out swinging
Batting: SHB George McMahon 0-0: Called Strike
0-1: Swinging Strike
0-2: Strikes out swinging
Top of the 5th over - 0 runs, 0 hits, 0 errors, 1 left on base; Columbia 7 - Alameda 1
BOTTOM OF THE 5TH
Alameda Airmen batting - Pitching for Columbia River Rats : LHP Gil Farrell
Batting: LHB Tonito Gomez 0-0: Ball
1-0: Called Strike
1-1: Ball
2-1: Ball
3-1: Base on Balls
Batting: RHB Joon-suk Kim 0-0: Called Strike
0-1: Grounds into double play, 4-6-3 (Groundball, 4, EV 106.9 MPH)
Batting: RHB Sergio Estrada 0-0: SINGLE (Line Drive, 78S, EV 105.6 MPH)
Batting: RHB César Jiménez 0-0: Called Strike
0-1: Called Strike
0-2: Strikes out swinging, 2-3 out at first.
Bottom of the 5th over - 0 runs, 1 hit, 0 errors, 1 left on base; Columbia 7 - Alameda 1
TOP OF THE 6TH
Columbia River Rats batting - Pitching for Alameda Airmen : RHP Javier Martínez
Batting: RHB Wu-ji Hsia 0-0: Ball
1-0: Ball
2-0: Swinging Strike
2-1: Called Strike
2-2: Strikes out swinging
Batting: RHB Jesús Bonilla 0-0: Called Strike
0-1: Swinging Strike
0-2: Fly out, F4 (Popup, 4, EV 68.8 MPH)
Batting: RHB Fernando Castro 0-0: Fly out, F5 (Line Drive, 5, EV 71.9 MPH)
Top of the 6th over - 0 runs, 0 hits, 0 errors, 0 left on base; Columbia 7 - Alameda 1
BOTTOM OF THE 6TH
Alameda Airmen batting - Pitching for Columbia River Rats : LHP Gil Farrell
Batting: RHB Héctor Heredice 0-0: Ball
1-0: Called Strike
1-1: Foul Ball, location: 2F
1-2: Ball
2-2: Foul Ball, location: 2F
2-2: Foul Ball, location: 2F
2-2: Strikes out swinging
Batting: RHB Roberto Berganza 0-0: Ball
1-0: Ball
2-0: Foul Ball, location: 2F
2-1: Ball
3-1: Base on Balls
Pitching: RHP Juan Salinas
Batting: LHB Xue-qin Chen 0-0: Swinging Strike
0-1: Foul Ball, location: 2F
0-2: Strikes out swinging
Batting: LHB Desi Liñares 0-0: Called Strike
0-1: Ball
1-1: Foul Ball, location: 2F
1-2: Hit by Pitch
Roberto Berganza to second
Batting: SHB Jaime Juárez 0-0: Foul Ball, location: 2F
0-1: Foul Ball, location: 2F
0-2: Strikes out swinging
Bottom of the 6th over - 0 runs, 0 hits, 0 errors, 2 left on base; Columbia 7 - Alameda 1
TOP OF THE 7TH
Columbia River Rats batting - Pitching for Alameda Airmen : RHP Javier Martínez
Batting: LHB Amani Marwan 0-0: Ball
1-0: Foul Ball, location: 2F
1-1: Foul Ball, location: 2F
1-2: Ball
2-2: Ball
3-2: Fly out, F8 (Flyball, 8RXD, EV 103.8 MPH)
Batting: RHB Guillermo Alemán 0-0: Called Strike
0-1: Swinging Strike
0-2: Ball
1-2: Strikes out swinging
Batting: LHB Puck Broekhuizen 0-0: Ball
1-0: Ball
2-0: Foul Ball, location: 2F
2-1: Fly out, F4 (Line Drive, 4, EV 74.4 MPH)
Top of the 7th over - 0 runs, 0 hits, 0 errors, 0 left on base; Columbia 7 - Alameda 1
BOTTOM OF THE 7TH
Alameda Airmen batting - Pitching for Columbia River Rats : RHP Juan Salinas
Batting: LHB Tonito Gomez 0-0: Called Strike
0-1: Ball
1-1: Called Strike
1-2: SINGLE (Groundball, 56D, EV 99.4 MPH)
Batting: RHB Joon-suk Kim 0-0: Foul Ball, location: 2F
0-1: Swinging Strike
0-2: Strikes out swinging
Batting: RHB Sergio Estrada 0-0: Called Strike
0-1: Foul Ball, location: 2F
0-2: DOUBLE (Groundball, 3L, EV 96.9 MPH)
Tonito Gomez to third
Batting: RHB César Jiménez 0-0: Called Strike
0-1: Swinging Strike
0-2: Strikes out swinging
Batting: RHB Héctor Heredice 0-0: Ball
1-0: Called Strike
1-1: Called Strike
1-2: Ball
2-2: Reached on error, E5 (Groundball, 56, EV 83.1 MPH)
Tonito Gomez scores
Sergio Estrada to third
Batting: RHB Roberto Berganza 0-0: Called Strike
0-1: Swinging Strike
0-2: Foul Ball, location: 2F
0-2: Ball
1-2: Ball
2-2: Strikes out looking
Bottom of the 7th over - 1 run, 2 hits, 1 error, 2 left on base; Columbia 7 - Alameda 2
TOP OF THE 8TH
Columbia River Rats batting - Pitching for Alameda Airmen : RHP Javier Martínez
Pitching: RHP Héctor Salazar
Batting: RHB Gregor Lennox 0-0: Ball
1-0: Ball
2-0: Ball
3-0: Called Strike
3-1: SINGLE (Line Drive, 8RS, EV 91.9 MPH)
Batting: RHB Robbie Clark 0-0: Fly out, F8 (Flyball, 89D, EV 91.2 MPH)
Batting: SHB George McMahon 0-0: Ball
1-0: Foul Ball, location: 2F
1-1: Foul Ball, location: 2F
1-2: Ball
Gregor Lennox steals 2nd base
2-2: Ball
3-2: Fly out, F8 (Flyball, 89S, EV 91.2 MPH)
Batting: RHB Wu-ji Hsia 0-0: Ball
1-0: Ground out 6-3 (Groundball, 56, EV 88.1 MPH)
Top of the 8th over - 0 runs, 1 hit, 0 errors, 1 left on base; Columbia 7 - Alameda 2
BOTTOM OF THE 8TH
Alameda Airmen batting - Pitching for Columbia River Rats : RHP Juan Salinas
Batting: LHB Xue-qin Chen 0-0: DOUBLE (Line Drive, 3D, EV 97.5 MPH)
Batting: LHB Desi Liñares 0-0: Called Strike
0-1: Swinging Strike
0-2: Ball
1-2: Strikes out swinging
Pitching: RHP Tony Figueroa
Batting: SHB Jaime Juárez 0-0: Ground out U3 (Groundball, 3, EV 88.8 MPH)
Xue-qin Chen to third
Batting: LHB Tonito Gomez 0-0: Foul Ball, location: 2F
0-1: Ball
1-1: Foul Ball, location: 2F
1-2: Ball
Wild Pitch!
Xue-qin Chen scores
2-2: TRIPLE (Line Drive, 89XD, EV 104.4 MPH)
Batting: RHB Joon-suk Kim 0-0: Called Strike
0-1: Ball
1-1: Foul Ball, location: 2F
1-2: Ball
2-2: Strikes out swinging
Bottom of the 8th over - 1 run, 2 hits, 0 errors, 1 left on base; Columbia 7 - Alameda 3
TOP OF THE 9TH
Columbia River Rats batting - Pitching for Alameda Airmen : RHP Héctor Salazar
Batting: RHB Jesús Bonilla 0-0: Ball
1-0: Foul Ball, location: 2F
1-1: Ball
2-1: Foul Ball, location: 2F
2-2: Strikes out looking
Batting: RHB Fernando Castro 0-0: Ball
1-0: Ball
2-0: Foul Ball, location: 2F
2-1: Ball
3-1: Swinging Strike
3-2: SINGLE (Line Drive, 89M, EV 110.6 MPH)
Batting: LHB Amani Marwan 0-0: Ball
1-0: Ball
2-0: Called Strike
2-1: Ball
3-1: Swinging Strike
3-2: DOUBLE (Line Drive, 7LM, EV 104.4 MPH)
Fernando Castro to third
Batting: RHB Guillermo Alemán 0-0: Ball
1-0: Swinging Strike
1-1: Foul Ball, location: 2F
1-2: Ball
2-2: DOUBLE (Line Drive, 7LM, EV 95.0 MPH)
Fernando Castro scores
Amani Marwan scores
Batting: LHB Puck Broekhuizen 0-0: Ball
1-0: Ball
2-0: Ball
3-0: Foul Ball, location: 2F
3-1: Foul Ball, location: 2F
3-2: SINGLE (Line Drive, 34D, EV 103.1 MPH)
Guillermo Alemán to third
Batting: RHB Gregor Lennox 0-0: Ball
1-0: Hit by Pitch
Puck Broekhuizen to second
Batting: RHB Robbie Clark 0-0: Ball
1-0: Called Strike
1-1: Swinging Strike
1-2: Strikes out swinging
Batting: SHB George McMahon 0-0: Ball
1-0: Ball
2-0: Ball
3-0: Called Strike
3-1: Foul Ball, location: 2F
3-2: Foul Ball, location: 2F
3-2: Base on Balls
Guillermo Alemán scores
Puck Broekhuizen to third
Gregor Lennox to second
Batting: RHB Wu-ji Hsia 0-0: Called Strike
0-1: Ball
1-1: Called Strike
1-2: Strikes out swinging
Top of the 9th over - 3 runs, 4 hits, 0 errors, 3 left on base; Columbia 10 - Alameda 3
BOTTOM OF THE 9TH
Alameda Airmen batting - Pitching for Columbia River Rats : RHP Tony Figueroa
Batting: RHB Sergio Estrada 0-0: Called Strike
0-1: Ground out 3-1 (Groundball, 34, EV 80.6 MPH)
Batting: RHB César Jiménez 0-0: Hit by Pitch
Pinch Runner at 1st Reynold Jongenelen:
Batting: RHB Héctor Heredice 0-0: Ball
1-0: Ball
2-0: Fielders Choice at 2nd, 6-4 (Groundball, 6, EV 90.0 MPH)
Pinch Hitting: RHB Nelson Sánchez 0-0: Called Strike
0-1: Ball
1-1: Ball
2-1: Called Strike
2-2: Foul Ball, location: 2F
2-2: Foul Ball, location: 2F
2-2: Strikes out looking
Bottom of the 9th over - 0 runs, 0 hits, 0 errors, 1 left on base; Columbia 10 - Alameda 3
Friday, March 26th, 2021 - OOTP Baseball 20.8 Build 74